 Dungeon Crawl Stone Soup version 0.30-a0-305-g026cb31310 (webtiles) character file.

Game seed: 16182043241394612556

81 holysushi the Ducker (level 4, 0/34 HPs)
             Began as a Djinni Gladiator on Oct 22, 2022.
             Slain by Robin
             ... wielding a +0 spear
              (3 damage)
             ... on level 2 of the Dungeon.
             The game lasted 00:03:37 (1419 turns).

holysushi the Ducker (Djinni Gladiator)             Turns: 1419, Time: 00:03:38

Health: 0/34       AC:  4    Str: 13    XL:     4   Next: 68%
Gold:   112        EV: 13    Int:  9    God:
                   SH:  0    Dex: 17

rFire   + + .      SeeInvis .    a - +0 quarterstaff
rCold   x . .      Faith    .    (shield currently unavailable)
rNeg    . . .      Spirit   .    b - +0 leather armour
rPois   ∞          Reflect  .    c - +0 helmet
rElec   .          Harm     .    (no cloak)
rCorr   .          Rampage  .    (no gloves)
Will    .....                    (boots unavailable)
Stlth   +.........               (no amulet)
HPRegen 0.25/turn                n - ring of wizardry
MPRegen 0.00/turn                (no ring)

@: flying
A: sickness immunity, fire resistance 2, cold vulnerability 1, float, innate
caster, HP casting, extra vitality 1
a: no special abilities


You were on level 2 of the Dungeon.
You visited 1 branch of the dungeon, and saw 2 of its levels.

You collected 112 gold pieces.

Inventory:

Hand Weapons
 a - a +0 quarterstaff (weapon)
Missiles
 d - 3 throwing nets (quivered)
 e - a javelin
Armour
 b - a +0 leather armour (worn)
 c - a +0 helmet (worn)
Jewellery
 n - a ring of wizardry (left hand)
Scrolls
 i - 2 scrolls of fear
Potions
 f - a potion of lignification
 g - a potion of curing {unknown}
 h - 2 potions of invisibility {unknown}
 j - 2 potions of ambrosia {unknown}
 k - a potion of degeneration {unknown}
 l - a potion of mutation {unknown}
 m - 3 potions of cancellation {unknown}
 o - a potion of resistance {unknown}
 p - 4 potions of heal wounds {unknown}


   Skills:
 + Level 2.8 Fighting
 * Level 3.8 Staves
 - Level 1.5 Throwing
 + Level 3.9 Dodging


You had 2 spell levels left.
You knew the following spells:

 Your Spells              Type           Power      Damage    Failure   Level
a - Necrotise             Necr           0%         1d4       21%         1
Your spell library was empty.

Dungeon Overview and Level Annotations

Branches:
Dungeon (2/15) Zot: 10565

Altars:
Hepliaklqana

Annotations:
D:2 Robin


Innate Abilities, Weirdness & Mutations

You are immune to sickness and miasma.
You are immune to poison.
Your flesh is very heat resistant. (rF++)
You are vulnerable to cold. (rC-)
You float through the air rather than walking.
You learn spells naturally, not from books.
Your magical power is your life essence.
You have superior vitality. (+4 MHP)


Message History

Robin roars a battlecry!
The goblins go into a battle-frenzy!
The goblin hits you with a +0 dagger.
You hit the goblin but do no damage. Robin throws the goblin at you!
The goblin hits you with a +0 club. The goblin hits you with a +0 dagger.
The hobgoblin attacks as you move away! The hobgoblin hits you.
The hobgoblin attacks as you move away! The hobgoblin misses you.
Robin throws the goblin at you! The goblin hits you with a +0 club.
* * * LOW HITPOINT WARNING * * *
You hit the goblin.
The goblin is heavily wounded.
Robin says, "My army is invincible!"
Robin roars a battlecry!
The hobgoblin hits you.
* * * LOW HITPOINT WARNING * * *
The goblin barely misses you.
You barely miss the goblin.
The goblin is heavily wounded.
Robin's horned helmet rattles.
The hobgoblin hits you but does no damage.
The goblin hits you but does no damage.
You hit the goblin.
You kill the goblin!
The hobgoblin hits you but does no damage.
Items here: )) ††.
You thump the hobgoblin!
You kill the hobgoblin!
The goblin attacks as you move away! The goblin barely misses you.
You thump the goblin!
You kill the goblin!
The hobgoblin attacks as you move away! The hobgoblin barely misses you.
The hobgoblin attacks as you move away! The hobgoblin hits you.
* * * LOW HITPOINT WARNING * * *
You hit the hobgoblin but do no damage.
The hobgoblin no longer looks unusually strong.
The hobgoblin completely misses you. Robin barely misses you.
You sock the hobgoblin!
You kill the hobgoblin!
Robin hits you from afar with a +0 spear.
You die...

##.#####.# #.#####'#
#>.)...#g# #...
#.####.#g# #...
#.##.).#)## #...
#.##.##...# #...
#.##g##...# #...
#.##g##..†# ###...
#.##!###.... #.....
#..#@#
######.##.....
##.#.## #.##.....
#....#######.##..<..
###.......##.##...g.
#.####.....#####g#
#..............#g#
#####..._...## #g#
##......##.#.#
#.........#g#


You could see Robin and a hobgoblin (strong).

Vanquished Creatures
  Terence (D:2)
  A worm (D:2)
  A dart slug (D:1)
  2 bats (D:1)
  2 endoplasms (D:1)
  A giant cockroach (D:1)
  13 goblins
  7 hobgoblins
  2 jackals (D:1)
  A quokka (D:1)
  2 ball pythons
  A frilled lizard (D:2)
  8 kobolds (D:1)
  3 rats (D:1)
45 creatures vanquished.

Vanquished Creatures (collateral kills)
  A goblin (D:1)
1 creature vanquished.

Grand Total: 46 creatures vanquished

Notes
Turn   | Place    | Note
-------+----------+-------------------------------------------
     0 | D:1      | holysushi the Djinni Gladiator began the quest for the Orb.
     0 | D:1      | Reached XP level 1. HP: 18/18 MP: 0/0
   120 | D:1      | Reached XP level 2. HP: 23/23 MP: 0/0
   331 | D:1      | Reached XP level 3. HP: 29/29 MP: 0/0
   331 | D:1      | Learned a level 1 spell: Necrotise
   828 | D:2      | Noticed Terence
   842 | D:2      | Killed Terence
   843 | D:2      | Reached XP level 4. HP: 13/34 MP: 0/0
   963 | D:2      | Noticed Robin
  1299 | D:2      | Found a hazy altar of Hepliaklqana.
  1419 | D:2      | Slain by Robin

Illustrated notes

Levels and vault maps discovered:
D:1:      onia_arrival_mini_maze_b, layout_rooms, kennysheep_another_room
D:2:      layout_basic, serial_shops, shop, basic_altar, uniq_terence,
          uniq_robin

Skill      XL: |  1  2 |
---------------+-------+-----
Staves         | 3 |  3.8
Fighting       | |  2.8
Throwing       | |  1.5
Dodging        | |  3.9

Action                   |  1- 3 |  4- 6 || total
-------------------------+-------+-------++-------
Melee: Quarterstaff      |    86 |    34 ||   120
 Cast: Necrotise         |    20 |     1 ||    21
  Use: Scroll            |       |     2 ||     2
Armor: Leather armour    |    31 |    10 ||    41
Dodge: Dodged            |    70 |    32 ||   102

Table legend: (Time is in decaauts)
 A = Elapsed time spent in this place.
 B = Non-inter-level travel time spent in this place.
 C = Inter-level travel time spent in this place.
 D = Time resting spent in this place.
 E = Time spent auto-exploring this place.
 F = Levels seen in this place.
 G = Mean time per level.
                   A        B        C        D        E       F      G
               +--------+--------+--------+--------+--------+-----+--------+
         Total |   1433 |   1407 |     26 |    231 |    756 |   2 |  716.5 |
       Dungeon |   1433 |   1407 |     26 |    231 |    756 |   2 |  716.5 |
               +--------+--------+--------+--------+--------+-----+--------+

Top non-repeatable levels by time:
     D:1: 779 daAuts
     D:2: 653 daAuts
